 Dungeon Crawl Stone Soup version 0.29-a0-359-g541a27f54d (webtiles) character file.

Game seed: 16302481690104172930

75940 Shayle the Fighter (level 15, -7/96 HPs)
             Began as a Tengu Brigand on Apr 27, 2022.
             Was an Initiate of Ashenzari.
             Killed from afar by an acid blob (17 damage)
             ... with a splash of acid
             ... on level 6 of the Lair of Beasts.
             The game lasted 02:52:37 (26655 turns).

Shayle the Fighter (Tengu Brigand)                 Turns: 26655, Time: 02:52:38

Health: -7/96      AC:  5    Str: 12 (13) XL:     15   Next: 51%
Magic:  17/30      EV: 18    Int: 20 (21) God:    Ashenzari [......]
Gold:   1643       SH: 13    Dex: 17 (18) Spells: 6/35 levels left

rFire   + + .      SeeInvis .   K - +7 falchion of Resourcefulness {drain, rCorr Str+2}
rCold   + + +      Faith    .   N - +2 shield of Resistance {rF++ rC++ Will++}
rNeg    + + .      Spirit   .   e - +0 troll leather armour {Pargi}
rPois   +          Reflect  .   (helmet restricted)
rElec   .          Harm     .   c - +0 cloak
rCorr   +          Rampage  .   j - +2 pair of gloves of the Unyielding Gaze {Self, Bglg} (curse)
Will    +++..      Rage     1%  (boots unavailable)
Stlth   +++.......              G - amulet of regeneration
HPRegen 1.86/turn               E - ring "Vahailen" {rPois rC+ rN+}
MPRegen 0.22/turn               h - ring "Sukyidd" {rC+ rN+ Int+4}

@: corroded, flying quickly and evasively, very slightly contaminated, quick
A: beak, talons 3, nimble flight, berserk 1
a: Renounce Religion, Curse Item, Shatter the Chains


You were on level 6 of the Lair of Beasts.
You worshipped Ashenzari.
Ashenzari was noncommittal.
You visited 8 branches of the dungeon, and saw 26 of its levels.
You also visited: Sewer and Gauntlet.

You collected 3021 gold pieces.
You spent 1378 gold pieces at shops.

Inventory:

Hand Weapons
 a - a +2 dagger
 K - the +7 falchion of Resourcefulness (weapon) {drain, rCorr Str+2}
   (You found it on level 9 of the Dungeon)

   A truly terrible weapon, it drains the life of any living foe it strikes.
   Str:       It affects your strength (+2).
   rCorr:     It protects you from acid and corrosion.
 L - a +4 scimitar of flaming
Missiles
 d - 31 poisoned darts
 v - 6 javelins
 y - 5 curare-tipped darts (quivered)
 U - a throwing net
Armour
 c - a +0 cloak (worn)
 e - a +0 troll leather armour (worn) {Pargi}
 g - a +2 leather armour of fire resistance
 j - the cursed +2 pair of gloves of the Unyielding Gaze (worn) {Self, Bglg}
   (You found it on level 1 of the Dungeon)

   It has a curse which improves the following skills: Introspection: Fighting
   and Spellcasting.
   Beguiling: Conjurations, Hexes and Translocations.
 N - the +2 shield of Resistance (worn) {rF++ rC++ Will++}
   (You found it on level 6 of the Dungeon)

   rF:        It greatly protects you from fire.
   rC:        It greatly protects you from cold.
   Will:      It greatly increases your willpower.
 T - the +5 ring mail of Failure {rCorr}
   (You found it on level 6 of the Lair of Beasts)

   rCorr:     It protects you from acid and corrosion.
Jewellery
 h - the ring "Sukyidd" (right hand) {rC+ rN+ Int+4}
   (You found it in a Gauntlet)

   [ring of protection from cold]

   Int:       It affects your intelligence (+4).
   rC:        It protects you from cold.
   rN:        It protects you from negative energy.
 E - the ring "Vahailen" (left hand) {rPois rC+ rN+}
   (You bought it in a shop on level 2 of the Orcish Mines)

   [ring of positive energy]

   rC:        It protects you from cold.
   rPois:     It protects you from poison.
   rN:        It protects you from negative energy.
 G - an amulet of regeneration (around neck)
Wands
 f - a wand of charming (3)
 i - a wand of iceblast (5)
 t - a wand of flame (63)
 M - a wand of digging (9)
 P - a wand of mindburst (3)
 X - a wand of paralysis (3)
Scrolls
 b - a scroll of silence
 p - 2 scrolls of fog
 u - 6 scrolls of teleportation
 x - 3 scrolls of magic mapping
 H - 6 scrolls of identify
 V - a scroll of amnesia
 W - a scroll of holy word
Potions
 k - 2 potions of ambrosia
 m - 2 potions of cancellation
 n - a potion of heal wounds
 o - 5 potions of lignification
 q - 2 potions of invisibility
 r - 3 potions of haste
 s - 6 potions of attraction
 z - 4 potions of might
 A - 4 potions of curing
 B - 2 potions of magic
 C - 3 potions of brilliance
 F - 2 potions of resistance
 I - 2 potions of mutation


   Skills:
 + Level 11.5(11.9) Fighting
 - Level 2.1 Short Blades
 - Level 2.0 Throwing
 + Level 5.7 Armour
 - Level 9.6 Dodging
 - Level 4.7 Stealth
 + Level 7.5 Shields
 - Level 10.1(10.6) Spellcasting
 + Level 8.8(9.2) Conjurations
 - Level 2.0(2.3) Hexes
 - Level 5.2 Necromancy
 - Level 2.2(2.5) Translocations
 + Level 5.8 Transmutations
 - Level 1.8 Fire Magic
 - Level 6.6 Ice Magic
 - Level 9.5 Air Magic
 + Level 5.3 Earth Magic
 - Level 7.1 Poison Magic


You had 6 spell levels left.
You knew the following spells:

 Your Spells              Type           Power      Damage    Failure   Level
a - Vampiric Draining     Necr           31%        2d8       8%          3
b - Teleport Other        Tloc           20%        N/A       22%         3
c - Mephitic Cloud        Conj/Pois/Air  45%        N/A       1%          3
d - Iron Shot             Conj/Erth      19%        9d4       85%         6
e - Freezing Cloud        Conj/Ice/Air   22%        6-21      19%         5
f - Statue Form           Tmut/Erth      21%        N/A       97%         6
g - Ignite Poison         Fire/Tmut/Pois 30%        N/A       9%          3

Your spell library contained the following spells:

 Spells                   Type           Power      Damage    Failure   Level
 Static Discharge         Conj/Air       48%        N/A       1%          2
 Swiftness                Air            48%        N/A       1%          3
 Passwall                 Tmut/Erth      26%        N/A       3%          2
 Ensorcelled Hibernation  Hex/Ice        56%        N/A       4%          2
 Dazzling Flash           Conj/Hex       66%        N/A       6%          3
 Slow                     Hex            76%        N/A       9%          1
 Lightning Bolt           Conj/Air       24%        1d39      12%         5
 Iskenderun's Battlesphe  Conj           47%        2d10      13%         5
 Iskenderun's Mystic Bla  Conj/Tloc      34%        2d8       19%         4
 Gell's Gravitas          Tloc           20%        N/A       22%         3
 Lesser Beckoning         Tloc           20%        N/A       22%         3
 Portal Projectile        Hex/Tloc       40%        N/A       22%         3
 Confusing Touch          Hex            19%        N/A       24%         3
 Summon Lightning Spire   Summ/Air       29%        N/A       28%         4
 Blade Hands              Tmut           16%        N/A       47%         5
 Excruciating Wounds      Necr           15%        N/A       56%         5
 Simulacrum               Ice/Necr       17%        N/A       96%         6
 Starburst                Conj/Fire      16%        6d6       97%         6
 Dispersal                Tloc           10%        N/A       100%        6
 Spellforged Servitor     Conj/Summ      14%        N/A       100%        7
 Storm Form               Tmut/Air       20%        N/A       100%        7
 Disjunction              Tloc           10%        N/A       100%        8
 Maxwell's Capacitive Co  Air            24%        ∞         100%        8


Dungeon Overview and Level Annotations

Branches:
Dungeon (13/15)            Temple (1/1) D:7            Lair (6/6) D:9
 Shoals (1/4) Lair:3        Snake (1/4) Lair:4        Slime (1/5) Lair:6
    Orc (2/2) D:9             Elf (1/3) Orc:2        Vaults (0/5) D:13
  Sewer (visited)         Gauntlet (visited)

Altars:
Ashenzari
Elyvilon
Fedhas
Gozag
Kikubaaqudgha
Qazlal
Sif Muna
Wu Jian
Xom
Beogh
Jiyva

Shops:
D:1 :   D:2 :   D:7 *   D:9 :   Orc:2 [=!:

Portals:
Abyss: D:5

Annotations:
D:11 3 runed translucent doors, ArthosElwyn's ghost, novice FoFi; sammy202020's ghost, journeyman MiBe; spaghetti's ghost, journeyman GnFE
D:13 3 runed translucent doors
Lair:2 1 runed translucent door, Coguiqiqih's ghost, journeyman DrCA


Innate Abilities, Weirdness & Mutations

You have a beak for a mouth.
You have claws for feet.
Your magical nature lets you fly swiftly and evasively.
You tend to lose your temper in combat.


Message History

You slash the acid blob! You drain the acid blob.
Your hands burn!
You claw the acid blob.
The acid blob is moderately wounded.
You block the acid blob's attack. The acid blob hits you!
You are splashed with acid.
You resist.
Unknown command.
You hit the acid blob. You drain the acid blob.
Your hands burn!
The acid blob is moderately wounded.
The acid blob hits you.
You are splashed with acid.
You resist.
Unknown command.
You slash the acid blob!
Your hands burn!
You claw the acid blob, but do no damage.
You peck the acid blob.
The acid blob is heavily wounded.
The acid blob misses you. The acid blob completely misses you.
Unknown command.
Okay, then.
The acid blob spits acid at you. The splash of acid hits you! You resist.
The acid corrodes you!
You fly upwards.
Welcome back to the Lair of Beasts!
There is a staircase to the Slime Pits here.
Casting: Freezing Cloud (dangerous; 19% risk of failure)
Confirm with . or Enter, or press ? or * to list all spells.
Aiming: Freezing Cloud (dangerous; 19% risk of failure)
Press: ? - help, Dir - move target That beam is likely to hit you.
Continue anyway?
The acid blob is engulfed in freezing vapours.
The acid blob hits you!!
You are splashed with acid.
You resist.
You slash the acid blob! You drain the acid blob.
Your hands burn!
Your peck misses the acid blob.
The acid blob is severely wounded.
The acid blob is engulfed in freezing vapours.
The acid blob hits you!!
* * * LOW HITPOINT WARNING * * *
You are splashed with acid.
You resist.
* * * LOW HITPOINT WARNING * * *
The acid blob is engulfed in freezing vapours.
The acid blob spits acid at you. The splash of acid hits you! You resist.
You die...

##...###.....##P............##...
##....#.....###......#..}..###...
##...###....###....####.P..#.#..#
.....# #.....###....###+..P.#..##
.....####.....#..................
.....P#..........§§§.............
.................§§§.............
.................J§§.............
..............._@§...............
#..#....###..^...................
#.#......#.##.....##....#.#......
.###..#.#....#.....########......
.##.....+...##.....#.#######.....
..#...###....#...........##......
..##...##................##......
.PP...##..)........#......##.....
PPP...##P.#..##.....##P####......


You could see an acid blob (drained).

Vanquished Creatures
  3 orc warlords (Orc:2)
  A minotaur (Gauntlet)
  2 ettins
  Josephine (D:11)
  3 vault guards
  6 hydras
  Harold (D:10)
  Erolcha (Orc:2)
  A centaur warrior (D:13)
  A naga warrior (Lair:4)
  Erica (D:9)
  2 catoblepae
  6 death yaks (Lair:6)
  4 two-headed ogres
  A deep troll shaman (Lair:6)
  3 orc high priests (Orc:2)
  A deep elf knight (Elf:1)
  Sonja (Lair:5)
  A sea snake (Lair:3)
  Lodul (D:12)
  The ghost of avis the Cleaver, a novice HOMo of Beogh (D:6)
  The ghost of khangoldenlief the Cleaver, a novice MiBe of Trog (D:6)
  A deep elf pyromancer (D:7)
  2 wizards (Gauntlet)
  7 orc knights
  2 manticores
  2 shining eyes (Slime:1)
  6 orc sorcerers (Orc:2)
  A wolf spider (Lair:3)
  2 cyclopes
  The ghost of Psyclone the Tainter, a novice OpVM (D:5)
  2 black mambas
  5 elephants
  Joseph (Lair:1)
  Maurice (D:8)
  2 gargoyles
  13 cane toads
  5 komodo dragons
  The ghost of spaghetti the Conjurer, a novice OpCj (D:6)
  4 rime drakes
  A polar bear (Lair:2)
  A hornet (D:10)
  A wind drake (Lair:3)
  3 meliai (D:13)
  8 trolls
  9 blink frogs
  Prince Ribbit (D:5)
  9 slime creatures
  6 dream sheep (Lair:5)
  A jumping spider (shapeshifter) (D:13)
  A shadow (D:12)
  5 wyverns
  7 wraiths
  Grum (Lair:1)
  2 basilisks
  34 yaks
  3 steam dragons
  10 vampire mosquitoes
  A warg (Orc:1)
  Menkaure (D:5)
  A naga (Lair:4)
  15 water moccasins
  4 acid dragons
  38 orc warriors
  4 black bears
  Pargi (Sewer)
  6 centaurs
  28 wolves
  9 ogres
  A phantom (D:5)
  Blork the orc (D:6)
  12 bullfrogs
  A necrophage (D:8)
  4 scorpions
  6 wights (D:9)
  8 killer bees
  4 howler monkeys (D:7)
  A gnoll shaman (D:9)
  8 hounds
  5 jellies
  21 orc priests
  An iguana (D:6)
  34 orc wizards
  2 hell rats (Lair:1)
  3 small abominations (D:5)
  8 adders
  8 gnolls
  10 river rats
  A shadow imp (D:7)
  6 white imps
  2 ufetubi
  3 worms
  The ghost of spaghetti the Sneak, a weakling DDDe of Makhleb (D:6)
  3 dart slugs
  105 orcs
  8 bats
  5 endoplasms
  10 giant cockroaches
  13 hobgoblins
  6 kobolds
  4 quokkas
  8 ball pythons
  4 frilled lizards
  6 goblins
  12 rats
647 creatures vanquished.

Vanquished Creatures (others)
  An orc priest (D:5)
  An orc (D:8)
  A quokka (D:9)
  4 demonic plants (Gauntlet)
  15 fungi
  46 plants
  7 withered plants
75 creatures vanquished.

Grand Total: 722 creatures vanquished

Notes
Turn   | Place    | Note
-------+----------+-------------------------------------------
     0 | D:1      | Shayle the Tengu Brigand began the quest for the Orb.
     0 | D:1      | Reached XP level 1. HP: 12/12 MP: 2/2
    72 | D:1      | Reached XP level 2. HP: 17/17 MP: 3/3
   564 | D:1      | Reached skill level 1 in Spellcasting
   596 | D:1      | Reached XP level 3. HP: 16/22 MP: 5/5
   793 | D:1      | Found Wisueph Cuuxt's Book Shoppe.
  1023 | D:2      | Found a faded altar of an unknown god.
  1207 | D:2      | Found a broken altar of Ashenzari.
  1215 | D:2      | Became a worshipper of Ashenzari the Shackled
  1368 | D:2      | Found Vizoid's Book Shop.
  1779 | D:3      | Reached XP level 4. HP: 27/27 MP: 6/6
  1906 | D:3      | Found a glowing drain.
  1910 | Sewer    | Entered a sewer
  1969 | Sewer    | Noticed Pargi
  1986 | Sewer    | Killed Pargi
  1987 | Sewer    | Reached skill level 3 in Fighting
  1987 | Sewer    | Reached skill level 1 in Transmutations
  1987 | Sewer    | Reached skill level 1 in Earth Magic
  1987 | Sewer    | Gained mutation: Your magical nature lets you fly swiftly
                  | and evasively. [Tengu growth]
  1987 | Sewer    | Reached XP level 5. HP: 7/32 MP: 8/8
  2713 | D:3      | Identified the +1 robe "Edoj" {Int+2}
  3017 | D:4      | Reached XP level 6. HP: 34/38 MP: 10/10
  3357 | D:5      | Entered Level 5 of the Dungeon
  3371 | D:5      | Noticed Menkaure
  3384 | D:5      | Killed Menkaure
  3385 | D:5      | Reached XP level 7. HP: 39/43 MP: 10/12
  3487 | D:5      | Reached skill level 4 in Fighting
  3631 | D:5      | Reached skill level 1 in Conjurations
  3648 | D:5      | Found a transporter.
  3653 | D:5      | Found a one-way gate to the infinite horrors of the Abyss.
  3653 | D:5      | Noticed Psyclone's ghost (novice OpVM)
  3654 | D:5      | Noticed a small abomination
  3797 | D:5      | Reached XP level 8. HP: 42/48 MP: 14/14
  4091 | D:5      | Reached skill level 1 in Translocations
  4268 | D:5      | Found a transporter.
  4314 | D:5      | Reached skill level 1 in Hexes
  4325 | D:5      | Noticed Prince Ribbit
  4334 | D:5      | Killed Prince Ribbit
  4450 | D:6      | Found a large runed translucent door.
  4451 | D:6      | Found a large runed translucent door.
  4542 | D:6      | Found an ornate altar of the Wu Jian Council.
  4552 | D:6      | Found an opulent altar of Gozag.
  4552 | D:6      | Found a shimmering blue altar of Sif Muna.
  4565 | D:6      | Found a blossoming altar of Fedhas.
  4568 | D:6      | Found a stormy altar of Qazlal.
  4609 | D:6      | Noticed Blork the orc
  4619 | D:6      | Killed Blork the orc
  4637 | D:6      | Found a runed translucent gate.
  4637 | D:6      | Found a runed translucent gate.
  4637 | D:6      | Found a runed translucent gate.
  4639 | D:6      | Noticed khangoldenlief's ghost (novice MiBe)
  4640 | D:6      | Noticed avis's ghost (novice HOMo)
  4640 | D:6      | Found the +2 shield of Resistance {rF++ rC++ Will++}
  4640 | D:6      | Noticed spaghetti's ghost (weakling DDDe)
  4640 | D:6      | Noticed spaghetti's ghost (novice OpCj)
  4753 | D:6      | Reached XP level 9. HP: 47/54 MP: 16/16
  4983 | D:7      | Reached skill level 5 in Dodging
  5102 | D:7      | Found a staircase to the Ecumenical Temple.
  5114 | D:7      | Reached skill level 5 in Fighting
  5164 | D:7      | Found Vuzi's Island Escapes.
  5191 | Temple   | Entered the Ecumenical Temple
  5555 | D:7      | Noticed a deep elf pyromancer
  5565 | D:7      | Killed a deep elf pyromancer
  5640 | D:7      | Bought a scroll of fog for 24 gold pieces
  5640 | D:7      | Bought a potion of haste for 120 gold pieces
  5640 | D:7      | Bought a potion of invisibility for 96 gold pieces
  5640 | D:7      | Bought a scroll of teleportation for 36 gold pieces
  6361 | D:8      | Reached skill level 6 in Fighting
  6361 | D:8      | Reached skill level 5 in Spellcasting
  6361 | D:8      | Reached XP level 10. HP: 23/61 MP: 19/19
  6405 | D:7      | Learned a level 3 spell: Vampiric Draining
  6512 | D:8      | Noticed Maurice
  6536 | D:8      | Killed Maurice
  6940 | D:9      | Found a white marble altar of Elyvilon.
  6987 | D:9      | Noticed Erica
  7034 | D:8      | Paralysed by an orc for 4 turns
  7184 | D:8      | Upgraded the game from 0.29-a0-356-g7bc237e783 to
                  | 0.29-a0-359-g541a27f54d
  7919 | D:9      | Identified the +7 falchion of Resourcefulness {drain, rCorr
                  | Str+2}
  7939 | D:9      | Found a staircase to the Lair.
  7951 | D:9      | Reached skill level 5 in Transmutations
  8049 | D:9      | Found a staircase to the Orcish Mines.
  8344 | D:9      | Reached skill level 7 in Fighting
  8405 | D:9      | Killed Erica
  8406 | D:9      | Reached skill level 5 in Earth Magic
  8406 | D:9      | Reached XP level 11. HP: 68/68 MP: 20/22
  8495 | D:9      | HP: 1/68 [troll (11)]
  8636 | Lair:1   | Entered Level 1 of the Lair of Beasts
  8665 | Lair:1   | Learned a level 3 spell: Teleport Other
  8862 | Lair:1   | Noticed a seven-headed hydra
  8885 | Lair:1   | Reached skill level 1 in Necromancy
  8933 | Lair:1   | Killed a three-headed hydra
  9175 | Lair:1   | Reached skill level 8 in Fighting
  9299 | Lair:1   | Reached * piety under Ashenzari
  9328 | Lair:1   | Noticed Joseph
  9332 | Lair:1   | Noticed Grum
  9677 | Lair:1   | Killed Joseph
  9761 | Lair:1   | Killed Grum
 10039 | Lair:2   | Found a gate leading to a gauntlet.
 10048 | Gauntlet | Entered a Gauntlet
 10048 | Gauntlet | Noticed an oklob plant
 10048 | Gauntlet | Found a transporter.
 10048 | Gauntlet | Found a transporter.
 10048 | Gauntlet | Found a transporter.
 10049 | Gauntlet | Found a transporter.
 10050 | Gauntlet | Noticed a soul eater
 10052 | Gauntlet | Found a transporter.
 10052 | Gauntlet | Found a transporter.
 10055 | Gauntlet | Identified the ring "Sukyidd" {rC+ rN+ Int+4}
 10062 | Gauntlet | Identified the ring "Caot Qeo" {rC- Will+ rCorr Str+7}
 10066 | Gauntlet | Found a transporter.
 10066 | Gauntlet | Found a transporter.
 10066 | Gauntlet | Found a transporter.
 10076 | Gauntlet | Found a transporter.
 10076 | Gauntlet | Identified the +2 helmet "Zuqokhlem" {rC+ rN+ Str+3 Dex+2}
 10081 | Gauntlet | Found a transporter.
 10084 | Gauntlet | Identified the +3 pair of boots of Uwima {rC+ Int+4}
 10193 | Gauntlet | Noticed a wizard
 10194 | Gauntlet | Noticed a wizard
 10202 | Gauntlet | Found a transporter.
 10530 | Gauntlet | Killed a wizard
 10535 | Gauntlet | Killed a wizard
 10612 | Gauntlet | Noticed a minotaur
 10622 | Gauntlet | Killed a minotaur
 10712 | Lair:2   | Learned a level 3 spell: Mephitic Cloud
 10716 | Lair:2   | Learned a level 3 spell: Ignite Poison
 10730 | Lair:2   | Reached XP level 12. HP: 76/76 MP: 25/25
 10802 | Lair:2   | Reached skill level 1 in Air Magic
 10809 | Lair:2   | Learned a level 5 spell: Freezing Cloud
 11068 | Lair:2   | Found a runed translucent door.
 11175 | Lair:1   | Reached skill level 1 in Fire Magic
 11180 | Lair:1   | Reached skill level 1 in Shields
 11180 | Lair:1   | Reached skill level 1 in Poison Magic
 11309 | Lair:2   | Noticed Coguiqiqih's ghost (journeyman DrCA)
 11379 | Lair:3   | Reached skill level 5 in Necromancy
 11442 | Lair:3   | Reached skill level 1 in Ice Magic
 11454 | Lair:3   | Found a staircase to the Shoals.
 11548 | D:9      | Found Uvew's Book Shoppe.
 11570 | D:9      | Reached skill level 9 in Fighting
 11800 | D:1      | Bought Further Progress in Witchcraft for 462 gold pieces
 11955 | D:6      | Found a shimmering altar of Xom.
 11967 | D:6      | Found an ancient bone altar of Kikubaaqudgha.
 12034 | D:6      | Learned a level 6 spell: Statue Form
 12522 | D:10     | Entered Level 10 of the Dungeon
 12765 | D:10     | Noticed Harold
 14075 | Lair:4   | Noticed a seven-headed hydra
 14086 | Lair:4   | Killed a six-headed hydra
 14087 | Lair:4   | Reached skill level 5 in Air Magic
 14089 | Lair:4   | Identified a scroll of acquirement
 14099 | Lair:4   | Acquired 755 gold pieces
 14201 | Lair:4   | Reached XP level 13. HP: 83/83 MP: 27/27
 14241 | Lair:4   | Found a staircase to the Snake Pit.
 15212 | Lair:5   | Noticed Sonja
 15225 | Lair:5   | Killed Sonja
 15304 | Lair:5   | Learned a level 6 spell: Iron Shot
 15364 | Lair:5   | HP: 4/83 [rime drake/flash freeze (12)]
 15619 | Lair:5   | Identified the +5 longbow "Taneot" {freeze, Fly rElec rF-
                  | Int+6}
 15648 | Lair:5   | Reached skill level 10 in Fighting
 16171 | Lair:6   | Entered Level 6 of the Lair of Beasts
 16363 | Lair:6   | Reached skill level 5 in Shields
 16375 | Lair:6   | Reached skill level 5 in Conjurations
 16375 | Lair:6   | Reached skill level 5 in Poison Magic
 16410 | Lair:6   | Identified the +5 ring mail of Failure {rCorr}
 16465 | Lair:6   | Found a staircase to the Slime Pits.
 16465 | Lair:6   | Found a viscous altar of Jiyva.
 16810 | Lair:6   | Reached skill level 1 in Armour
 17210 | Lair:6   | Reached skill level 5 in Ice Magic
 17210 | Lair:6   | Reached XP level 14. HP: 72/90 MP: 12/29
 18022 | D:10     | Killed Harold
 18677 | D:11     | Noticed Josephine
 18701 | D:12     | Identified the +2 robe of Guynk {Rampage Regen+}
 18985 | Orc:1    | Entered Level 1 of the Orcish Mines
 20069 | Orc:2    | Entered Level 2 of the Orcish Mines
 20113 | Orc:2    | Found a staircase to the Elven Halls.
 20236 | Orc:2    | Noticed Erolcha
 20364 | Orc:2    | Killed Erolcha
 20377 | Orc:2    | Noticed an orc warlord
 20390 | Orc:2    | Killed an orc warlord
 20628 | Orc:2    | Noticed an orc warlord
 20656 | Orc:2    | Killed an orc warlord
 21160 | Orc:2    | Noticed an orc warlord
 21177 | Orc:2    | Killed an orc warlord
 21624 | Orc:2    | Reached skill level 11 in Fighting
 21719 | Orc:2    | Found Sipu's Antique Armour Shop.
 21719 | Orc:2    | Found Columixy's Book Shoppe.
 21722 | Orc:2    | Found Seuc's Jewellery Shop.
 21722 | Orc:2    | Found Folyretugi's Distillery.
 21731 | Orc:2    | Bought a potion of heal wounds for 70 gold pieces
 21731 | Orc:2    | Bought a potion of curing for 42 gold pieces
 21731 | Orc:2    | Bought a potion of heal wounds for 70 gold pieces
 21736 | Orc:2    | Bought the ring "Vahailen" {rPois rC+ rN+} for 458 gold
                  | pieces
 22069 | D:6      | Killed spaghetti's ghost
 22071 | D:6      | Killed avis's ghost
 22071 | D:6      | Killed khangoldenlief's ghost
 22074 | D:6      | Killed spaghetti's ghost
 22488 | D:5      | Killed Psyclone's ghost
 22948 | D:11     | Found a runed translucent gate.
 22948 | D:11     | Found a runed translucent gate.
 22948 | D:11     | Found a runed translucent gate.
 22949 | D:11     | Noticed ArthosElwyn's ghost (novice FoFi)
 22949 | D:11     | Noticed sammy202020's ghost (journeyman MiBe)
 22949 | D:11     | Noticed spaghetti's ghost (journeyman GnFE)
 23011 | D:11     | Reached XP level 15. HP: 80/95 MP: 30/30
 23056 | D:11     | Killed Josephine
 23057 | D:11     | Reached skill level 10 in Spellcasting
 23661 | D:12     | Reached skill level 5 in Armour
 23983 | D:12     | Noticed Lodul
 23991 | D:12     | Killed Lodul
 24355 | D:13     | Found a gate to the Vaults.
 24861 | Snake:1  | Entered Level 1 of the Snake Pit
 24982 | Elf:1    | Entered Level 1 of the Elven Halls
 25141 | D:13     | Found a runed translucent gate.
 25141 | D:13     | Found a runed translucent gate.
 25154 | D:13     | Found a runed translucent gate.
 25188 | D:13     | Noticed an emperor scorpion
 25188 | D:13     | a seven-headed hydra changed into an emperor scorpion
 25200 | D:13     | an emperor scorpion changed into a death yak
 26058 | Shoals:1 | Entered Level 1 of the Shoals
 26303 | Slime:1  | Entered Level 1 of the Pits of Slime
 26455 | Slime:1  | Gained mutation: You tend to lose your temper in combat. [a
                  | shining eye]
 26545 | Slime:1  | Noticed an acid blob
 26655 | Lair:6   | Killed from afar by an acid blob

Illustrated notes

Levels and vault maps discovered:
D:1:      sevenhm_arrival_forest_fort_small_6, layout_basic, serial_shops, shop
D:2:      layout_basic, chequers_ecumenical_altar_simple, serial_shops, shop,
          basic_altar
D:3:      layout_rooms, serial_corexii_hall, chequers_hall_statues_y,
          corexii_hall_statues_t, chequers_hall_statues_wall_a,
          gup_sewer_entry_spiral, minmay_circle_x
D:4:      layout_rooms
D:5:      layout_basic, gammafunk_ghost_abyssal_escape, serial_corexii_hall,
          chequers_hall_statues_wall_a, chequers_hall_statues_corner_a,
          uniq_menkaure, uniq_prince_ribbit1
D:6:      layout_basic, minmay_overflow_temple_star_hex, jmf_multi_god_temple2,
          gammafunk_ghost_cemetery, uniq_blork_the_orc
D:7:      layout_loops_corners, minmay_temple_entry_wispy,
          minmay_misc_feat_hallway, nicolae_island_escapes
D:8:      layout_basic, serial_park_tiny_2, uniq_maurice
D:9:      layout_irregular_city, elyvilon_altar_4, david_lair_shrubbed,
          minmay_orc_entry_temple_small, serial_shops, shop_fountains,
          minmay_fractal_squares_gapless_5, uniq_erica
D:10:     layout_irregular_city, uniq_harold
D:11:     layout_rooms, gammafunk_ghost_cemetery, special_room
          [special_room_orc], uniq_josephine
D:12:     layout_rooms, uniq_lodul
D:13:     layout_roguey, lightli_vaults_fourway_checkpoint,
          ploomutoo_gammafunk_ghost_potion_laboratory, trog_butcher_becter
Temple:   jpeg_temple_clearing
Lair:1:   beast_lair_carwin_large_1, layout_misc_corridors,
          chequers_serial_rivers_marsh, chequers_serial_rivers_micro_c,
          chequers_serial_rivers_small_b, kennysheep_rathole,
          serial_bayou_shore_b, uniq_joseph, uniq_grum
Lair:2:   layout_chaotic_city, gauntlet_entry_generic, gammafunk_ghost_grave,
          lemuel_fruit_fields
Lair:3:   layout_gridlike, minmay_shoals_entry_beasts, st_stairs_5,
          nicolae_lair_run_with_the_wolves
Lair:4:   layout_cave_pods, dummy_snake_entry, chequers_serial_rivers_room_b,
          hangedman_lair_unloving_vines
Lair:5:   layout_gridlike, grunt_megastairs_4, uniq_sonja
Lair:6:   grunt_lair_end_beastmaster, layout_regular_city, slime_altar_1
Shoals:1: layout_shoals, hangedman_shoal_volcano, uniq_kirke
Snake:1:  layout_honeycomb
Slime:1:  layout_caves
Orc:1:    layout_caves
Orc:2:    grunt_orc_tribal_feast, layout_diamond_mine, uniq_erolcha
Elf:1:    layout_rooms, basic_altar, minivault_28,
          amcnicky_mini_corridor_feature, uniq_zenata, uniq_frances

Skill      XL: |  1  2  3  4  5  6  7  8  9 10 11 12 13 14 15 |
---------------+----------------------------------------------+-----
Spellcasting   | 1 2 3 5 6 7 8 9 10 | 10.1
Dodging        | 2 3 4 6 7 9 |  9.6
Fighting       | 3 4 6 7 8 9 10 11 | 11.5
Transmutations | 1 2 3 4 5 |  5.8
Earth Magic    | 1 2 3 4 5 |  5.3
Conjurations   | 1 3 5 7 8 |  8.8
Translocations | 2 |  2.2
Hexes          | 1 2 |  2.0
Necromancy     | 4 5 |  5.2
Air Magic      | 5 7 9 |  9.5
Fire Magic     | 1 |  1.8
Shields        | 3 5 6 7 |  7.5
Poison Magic   | 3 5 6 7 |  7.1
Ice Magic      | 3 5 6 |  6.6
Armour         | 2 4 5 |  5.7
Short Blades   | |  2.1
Throwing       | |  2.0
Stealth        | |  4.7

Action                   |  1- 3 |  4- 6 |  7- 9 | 10-12 | 13-15 || total
-------------------------+-------+-------+-------+-------+-------++-------
Melee: Dagger            |    31 |       |       |       |    38 ||    69
       Kick              |    24 |    35 |    92 |   203 |   239 ||   593
       Peck              |    18 |    10 |    55 |   127 |   136 ||   346
       Spear             |    63 |   127 |   259 |    98 |       ||   547
       Punch             |     2 |     2 |     5 |     7 |     6 ||    22
       Falchion          |       |       |       |   429 |   494 ||   923
       Scimitar          |       |       |       |     5 |     5 ||    10
 Fire: Longbow           |       |       |       |       |    30 ||    30
Throw: Dart              |       |    10 |    10 |    75 |    43 ||   138
 Cast: Mephitic Cloud    |       |       |       |     3 |   102 ||   105
       Ignite Poison     |       |       |       |     1 |    42 ||    43
       Freezing Cloud    |       |       |       |       |    93 ||    93
       Vampiric Draining |       |       |       |       |     9 ||     9
Invok: Curse Item        |       |     1 |       |     1 |       ||     2
       Shatter the Chain |       |       |       |       |     1 ||     1
Evoke: Wand              |       |       |     6 |     6 |    13 ||    25
  Use: Scroll            |       |     9 |     7 |     4 |     8 ||    28
       Potion            |       |     1 |     5 |     4 |     8 ||    18
 Stab: Sleeping          |    11 |     6 |     7 |     1 |     5 ||    30
       Distracted        |       |       |       |     2 |     3 ||     5
       Invisible         |       |       |       |     5 |     1 ||     6
       Confused          |       |       |       |       |    13 ||    13
Armor: Robe              |    15 |    23 |       |       |       ||    38
       Troll leather arm |       |    20 |    98 |    94 |   110 ||   322
Dodge: Dodged            |    38 |    91 |   201 |   553 |   490 ||  1373
Block: Kite shield       |       |       |       |       |   167 ||   167

Table legend: (Time is in decaauts)
 A = Elapsed time spent in this place.
 B = Non-inter-level travel time spent in this place.
 C = Inter-level travel time spent in this place.
 D = Time resting spent in this place.
 E = Time spent auto-exploring this place.
 F = Levels seen in this place.
 G = Mean time per level.
                   A        B        C        D        E       F      G
               +--------+--------+--------+--------+--------+-----+--------+
         Total |  25479 |  23183 |   2296 |   5342 |   8806 |  28 |  910.0 |
       Dungeon |  14267 |  12657 |   1610 |   2257 |   5534 |  13 | 1097.5 |
        Temple |      8 |      7 |      1 |      0 |      0 |   1 |    8.0 |
          Lair |   7562 |   6950 |    612 |   1652 |   2760 |   6 | 1260.3 |
        Shoals |     13 |     13 |      0 |      0 |      0 |   1 |   13.0 |
     Snake Pit |      4 |      4 |      0 |      0 |      0 |   1 |    4.0 |
    Slime Pits |    157 |    157 |      0 |     74 |     12 |   1 |  157.0 |
  Orcish Mines |   2522 |   2454 |     68 |    990 |    498 |   2 | 1261.0 |
   Elven Halls |      9 |      9 |      0 |      0 |      0 |   1 |    9.0 |
         Sewer |    384 |    384 |      0 |    266 |      0 |   1 |  384.0 |
      Gauntlet |    548 |    548 |      0 |    103 |      0 |   1 |  548.0 |
               +--------+--------+--------+--------+--------+-----+--------+

Top non-repeatable levels by time:
     D:9: 1973 daAuts
  Lair:6: 1566 daAuts
     D:7: 1473 daAuts
  Lair:1: 1447 daAuts
   Orc:2: 1432 daAuts
     D:5: 1428 daAuts
  Lair:5: 1375 daAuts
    D:11: 1330 daAuts
  Lair:3: 1282 daAuts
     D:8: 1244 daAuts
    D:12: 1122 daAuts
   Orc:1: 1090 daAuts
     D:1: 1065 daAuts
  Lair:4: 1063 daAuts
     D:6: 915 daAuts
